 Dungeon Crawl Stone Soup version 0.26-a0-852-g6321bf7485 (webtiles) character file.

Game seed: 7998456976516775029

27561 dolemite99 the Covert (level 13, -1/89 HPs)
             Began as an Octopode Brigand on Nov 22, 2020.
             Was a Priest of Okawaru.
             Splashed by a brown ugly thing's acid (9 damage)
             ... on level 11 of the Dungeon.
             The game lasted 00:33:48 (25120 turns).

dolemite99 the Covert (Octopode Brigand)           Turns: 25120, Time: 00:33:48

Health: -1/89      AC: -13   Str: 19    XL:     13   Next: 33%
Magic:  15/15      EV: 21    Int: 14    God:    Okawaru [***...]
Gold:   768        SH:  0    Dex: 27    Spells: 11/12 levels left

rFire    . . .     SeeInvis +   a - +2 hunting sling (flame)
rCold    . . .     Faith    .   (no shield)
rNeg     . . .     Spirit   .   x - +2 hat {MR+}
rPois    .         Reflect  .   n - amulet of magic regeneration
rElec    .         Harm     .   K - +6 ring of dexterity
rCorr    .         Rampage  .   c - +6 ring of strength
MR       +....                  P - ring of see invisible
Stlth    +++++++...             H - +6 ring of dexterity
HPRegen  0.24/turn              (no ring)
MPRegen  0.39/turn              (no ring)
                                (no ring)
                                (no ring)

@: corroded
A: almost no armour, stealthy swim, amphibious, 8 rings, constrict 8, camouflage
1, gelatinous body 1
a: Heroism, Renounce Religion


You were on level 11 of the Dungeon.
You worshipped Okawaru.
Okawaru was most pleased with you.
You visited 3 branches of the dungeon, and saw 16 of its levels.
You also visited: Sewer.

You collected 1126 gold pieces.
You spent 358 gold pieces at shops.

Inventory:

Hand Weapons
 a - a +2 hunting sling of flaming (weapon)
 b - the +4 war axe of Anguish {vorpal, MR+ Dex+3}
   (You bought it in a shop on level 9 of the Dungeon)

   It inflicts extra damage upon your enemies.
   It affects your dexterity (+3).
   It affects your resistance to hostile enchantments.
 r - a +2 vorpal hunting sling
 s - a +2 vampiric dagger
Missiles
 d - 515 stones
 f - 120 sling bullets (quivered)
 g - 27 boomerangs
 j - 88 bolts
 k - 6 curare-tipped darts
 y - 145 arrows
 A - 61 poisoned darts
 M - 16 atropa-tipped darts
Armour
 x - a +2 hat of magic resistance (worn)
Jewellery
 c - a +6 ring of strength (right tentacle)
 n - an amulet of magic regeneration (around mantle)
 q - an uncursed ring of ice
 H - a +6 ring of dexterity (on tentacle)
 K - a +6 ring of dexterity (left tentacle)
 P - a ring of see invisible (on tentacle)
Wands
 I - a wand of digging (6)
 J - a wand of flame (11)
 S - a wand of random effects (12)
Scrolls
 e - 11 scrolls of teleportation
 l - a scroll of fog
 u - 2 scrolls of enchant armour
 w - 2 scrolls of immolation
 C - 3 scrolls of random uselessness
 D - a scroll of amnesia
 E - 2 scrolls of identify {@r1}
 F - a scroll of blinking
 L - 4 scrolls of remove curse {@r2}
 N - a scroll of acquirement {unknown}
 O - 2 scrolls of fear
Potions
 h - 2 potions of brilliance
 i - 2 potions of resistance
 m - 4 potions of degeneration
 o - a potion of mutation
 p - 5 potions of curing
 t - a potion of flight
 v - 2 potions of magic
 B - 2 potions of attraction
 G - 2 potions of ambrosia
 Q - a potion of haste
 R - 2 potions of heal wounds
Miscellaneous
 z - a condenser vane (inert)


   Skills:
 + Level 8.7 Fighting
 - Level 3.9 Short Blades
 - Level 10.1 Axes
 - Level 6.1(6.7) Slings
 - Level 4.0(5.6) Throwing
 - Level 7.9 Dodging
 - Level 12.6 Stealth
 - Level 7.4 Necromancy
 - Level 3.2 Invocations
 - Level 9.2 Evocations


You had 11 spell levels left.
You knew the following spells:

 Your Spells              Type           Power        Failure   Level
a - Animate Skeleton      Necr           ###...       1%          1

Your spell library contained the following spells:

 Spells                   Type           Power        Failure   Level
 Apportation              Tloc           #.....       28%         1
 Corona                   Hex            #......      28%         1
 Summon Small Mammal      Summ           #...         28%         1
 Ensorcelled Hibernation  Hex/Ice        #.....       41%         2
 Confusing Touch          Hex            #.......     65%         3
 Dazzling Flash           Conj/Hex       #.....       65%         3
 Tukima's Dance           Hex            #.......     65%         3


Dungeon Overview and Level Annotations

Branches:
Dungeon (11/15)            Temple (1/1) D:5            Lair (4/6) D:9
 Shoals (0/4) Lair:2        Snake (0/4) Lair:2        Sewer (visited)
    Orc: D:9-12

Altars:
Ashenzari
Cheibriados
Dithmenos
Elyvilon
Fedhas
Gozag
Hepliaklqana
Kikubaaqudgha
Makhleb
Nemelex Xobeh
Okawaru
Qazlal
Ru
Sif Muna
Trog
Uskayaw
Vehumet
Wu Jian
Xom
Yredelemnul
Zin
The Shining One

Shops:
D:4 *   D:9 (   D:10 }

Annotations:
D:6 2 transporters, DatorSojat's ghost, novice MiMo
Lair:2 exclusion: downstairs


Innate Abilities, Weirdness & Mutations

You cannot wear most types of armour.
You are very stealthy in the water. (Stealth+)
You are amphibious.
You can wear up to eight rings at the same time.
You can use your tentacles to constrict eight enemies at once.
Your skin changes colour to match your surroundings (Stealth+).
Your rubbery body absorbs attacks. (AC +1, EV +1)


Message History

The sling bullet completely misses the brown ugly thing.
The brown ugly thing tentacle-slaps you!
The acid corrodes you!
You are splashed with acid!
* * * LOW HITPOINT WARNING * * *
Firing (i - inventory. (/) - cycle)
f - 122 sling bullets (quivered)
Press: ? - help, Shift-Dir - straight line, f/p - brown ugly thing
Aim: a brown ugly thing (almost dead)
You shoot a sling bullet.
The sling bullet barely misses the brown ugly thing.
The brown ugly thing misses you.
Firing (i - inventory. (/) - cycle)
f - 121 sling bullets (quivered)
Press: ? - help, Shift-Dir - straight line, f/p - brown ugly thing
Aim: a brown ugly thing (almost dead)
You shoot a sling bullet.
The sling bullet hits the brown ugly thing but does no damage.
The brown ugly thing is almost dead.
The brown ugly thing tentacle-slaps you!
* * * LOW HITPOINT WARNING * * *
You are splashed with acid!
You die...

##..................#
#....####'##.......#
#....#.....†.......#
#....#.....#....####
##....#.....#....#
......#.....#....#
8.....#.....###..#
≈.....#.......#..#
≈.....#.......#.@####
≈.....#.......#.u...#
≈.....#########.(...#
.........>..........#
≈[...>...######.....#
≈........ #.(...#
≈.######. #.(...#
≈...... #.....#
8...... #.(...#


You could see a brown ugly thing.

Vanquished Creatures
  Harold (D:7)
  2 hydras
  2 two-headed ogres
  Erica (Lair:2)
  Sonja (Lair:2)
  Nergalle (Lair:2)
  Pikel (D:7)
  3 merfolk sirens (Lair:2)
  3 black mambas
  2 molten gargoyles (Lair:3)
  4 cane toads
  3 rime drakes
  4 komodo dragons
  4 polar bears (Lair:1)
  A merfolk (Lair:2)
  Grinder (D:4)
  11 blink frogs
  A dream sheep (Lair:1)
  2 wyverns (Lair:1)
  8 basilisks
  27 yaks
  2 steam dragons
  4 water moccasins
  2 acid dragons (D:11)
  Purgy (Sewer)
  5 orc warriors
  An ice beast (D:3)
  A phantom (D:8)
  2 sky beasts
  9 black bears
  An eye of draining (D:11)
  2 necrophages
  3 ogres
  9 wolves
  A centaur (D:6)
  2 lemures (D:7)
  17 bullfrogs
  2 big kobolds (D:11)
  A wyvern zombie (D:8)
  4 scorpions
  2 water moccasin skeletons
  3 killer bees (D:7)
  4 electric eels
  2 howler monkeys
  7 wights
  A jelly (D:8)
  2 bullfrog zombies
  5 lava snakes (Lair:3)
  2 hounds
  8 orc priests
  A centaur skeleton (D:5)
  Natasha (thrice) (D:4)
  9 orc wizards
  8 worker ants
  2 iguanas
  A killer bee zombie (D:8)
  A hound zombie (D:9)
  A hound skeleton (D:7)
  A howler monkey skeleton (D:2)
  A worker ant zombie (D:5)
  17 adders
  3 river rats (D:3)
  3 shadow imps
  2 white imps (D:5)
  4 ufetubi
  An adder zombie (D:8)
  5 worms
  3 dart slugs
  6 leopard geckos
  35 orcs
  9 bats
  7 giant cockroaches
  14 goblins
  7 hobgoblins
  15 jackals
  5 quokkas
  5 ball pythons
  11 frilled lizards
  21 kobolds
  7 rats
396 creatures vanquished.

Vanquished Creatures (collateral kills)
  A yak (D:10)
  A sky beast (D:9)
2 creatures vanquished.

Vanquished Creatures (others)
  A two-headed ogre (D:10)
  A yak (D:10)
  A water moccasin (Lair:3)
  An ogre (D:10)
  An orc (D:11)
  20 fungi
  61 plants
86 creatures vanquished.

Grand Total: 484 creatures vanquished

Notes
Turn   | Place    | Note
-------+----------+-------------------------------------------
     0 | D:1      | dolemite99 the Octopode Brigand began the quest for the
                  | Orb.
     0 | D:1      | Reached XP level 1. HP: 14/14 MP: 1/1
    95 | D:1      | Reached XP level 2. HP: 18/19 MP: 2/2
   619 | D:1      | Reached XP level 3. HP: 25/25 MP: 3/3
  1353 | D:2      | Found a shimmering altar of Xom.
  1374 | D:2      | Reached XP level 4. HP: 26/30 MP: 4/4
  1495 | D:2      | Found a blossoming altar of Fedhas.
  2150 | D:2      | Reached XP level 5. HP: 29/36 MP: 5/5
  2603 | D:3      | Found a glowing drain.
  2904 | Sewer    | Entered a sewer
  3088 | Sewer    | Noticed Purgy
  3092 | Sewer    | Killed Purgy
  3093 | Sewer    | Reached XP level 6. HP: 43/43 MP: 6/6
  3206 | D:3      | Reached skill level 1 in Slings
  3435 | D:3      | Noticed an ice beast
  3464 | D:3      | Killed an ice beast
  3465 | D:3      | Reached XP level 7. HP: 21/48 MP: 7/7
  4006 | D:3      | Found a sacrificial altar of Ru.
  4129 | D:4      | Noticed Natasha
  4132 | D:4      | Killed Natasha
  4143 | D:4      | Noticed Natasha
  4149 | D:4      | Killed Natasha
  4222 | D:4      | Noticed Grinder
  4236 | D:4      | Killed Grinder
  4237 | D:4      | Reached skill level 5 in Slings
  4259 | D:4      | Noticed Natasha
  4263 | D:4      | Killed Natasha
  4377 | D:4      | Found a shadowy altar of Dithmenos.
  4535 | D:4      | Found Xiahon's Assorted Antiques.
  4576 | D:4      | Bought a potion of heal wounds for 110 gold pieces
  4576 | D:4      | Bought a scroll of identify for 44 gold pieces
  5036 | D:5      | Entered Level 5 of the Dungeon
  5060 | D:5      | Reached XP level 8. HP: 54/54 MP: 8/8
  5080 | D:5      | Found a staircase to the Ecumenical Temple.
  5127 | Temple   | Entered the Ecumenical Temple
  5447 | Temple   | Became a worshipper of Warmaster Okawaru
  6308 | D:5      | Reached skill level 5 in Dodging
  6566 | D:5      | Reached * piety under Okawaru
  7494 | D:5      | Found a burning altar of Makhleb.
  7645 | D:6      | Found a transporter.
  7645 | D:6      | Noticed DatorSojat's ghost (novice MiMo)
  7674 | D:5      | Reached XP level 9. HP: 42/58 MP: 9/9
  8394 | D:6      | Reached skill level 1 in Invocations
  8445 | D:6      | Found a transporter.
  8841 | D:7      | Reached skill level 1 in Evocations
  9259 | D:7      | Noticed Pikel
  9281 | D:7      | Killed Pikel
  9281 | D:7      | Reached ** piety under Okawaru
  9282 | D:7      | Reached skill level 5 in Evocations
  9529 | D:7      | Noticed Harold
  9542 | D:7      | Killed Harold
  9542 | D:7      | Reached *** piety under Okawaru
  9543 | D:7      | Reached XP level 10. HP: 63/63 MP: 12/12
  9557 | D:7      | Noticed a two-headed ogre
  9598 | D:7      | Killed a two-headed ogre
 10299 | D:8      | Found an opulent altar of Gozag.
 11355 | D:8      | Reached **** piety under Okawaru
 11356 | D:8      | Reached skill level 5 in Fighting
 11461 | D:9      | Found a stormy altar of Qazlal.
 11519 | D:9      | Noticed a two-headed ogre
 11524 | D:9      | Killed a two-headed ogre
 11960 | D:9      | Found Qeute's Antique Weapon Shop.
 11968 | D:9      | Bought a pitted war axe for 204 gold pieces
 11970 | D:9      | Identified the +4 war axe of Anguish {vorpal, MR+ Dex+3}
                  | (You bought it in a shop on level 9 of the Dungeon)
 12012 | D:9      | Reached skill level 1 in Axes
 12221 | D:9      | Received a gift from Okawaru
 12516 | D:9      | Found a snail-covered altar of Cheibriados.
 12629 | D:9      | Found a staircase to the Lair.
 13068 | D:10     | Entered Level 10 of the Dungeon
 13124 | Lair:1   | Entered Level 1 of the Lair of Beasts
 13181 | Lair:1   | Noticed a cane toad
 13194 | Lair:1   | Killed a cane toad
 13252 | Lair:1   | Reached skill level 5 in Axes
 13252 | Lair:1   | Reached XP level 11. HP: 72/72 MP: 13/13
 13270 | Lair:1   | Received a gift from Okawaru
 13894 | Lair:1   | Received a gift from Okawaru
 14462 | Lair:1   | Received a gift from Okawaru
 15424 | Lair:1   | Reached skill level 10 in Axes
 15615 | Lair:2   | Noticed Erica
 15620 | Lair:2   | Killed Erica
 15621 | Lair:2   | Reached skill level 6 in Stealth
 15669 | Lair:2   | Reached skill level 7 in Stealth
 15976 | Lair:2   | Noticed Sonja
 15982 | Lair:2   | Killed Sonja
 15982 | Lair:2   | Reached ***** piety under Okawaru
 15982 | Lair:2   | Noticed an eight-headed hydra
 15983 | Lair:2   | Reached skill level 8 in Stealth
 15983 | Lair:2   | Reached XP level 12. HP: 67/79 MP: 14/14
 15986 | Lair:2   | Killed an eight-headed hydra
 15987 | Lair:2   | Reached skill level 9 in Stealth
 16374 | Lair:2   | Found a staircase to the Snake Pit.
 16466 | Lair:2   | Found a staircase to the Shoals.
 16470 | Lair:2   | Reached skill level 10 in Stealth
 16472 | Lair:2   | Received a gift from Okawaru
 16820 | Lair:2   | Reached skill level 11 in Stealth
 16856 | Lair:2   | Noticed Nergalle
 16869 | Lair:2   | Killed Nergalle
 17505 | Lair:3   | Reached skill level 12 in Stealth
 19593 | Lair:3   | Learned a level 1 spell: Animate Skeleton
 19630 | Lair:3   | Reached skill level 1 in Necromancy
 21696 | Lair:4   | Reached XP level 13. HP: 76/88 MP: 15/15
 21713 | Lair:4   | Reached skill level 5 in Necromancy
 21715 | Lair:4   | Received a gift from Okawaru
 22779 | D:10     | Found Qilouj's Gadget Emporium.
 25120 | D:11     | Splashed by a brown ugly thing's acid

Illustrated notes

Levels and vault maps discovered:
D:1:      minmay_arrival_checkered_box, layout_basic, serial_bayou_lake_a
D:2:      layout_basic, xom_teletrap_fun, fedhas_altar_1
D:3:      layout_loops_ring, portal_sewer_entry_b, nicolae_ru_path_of_blood
D:4:      layout_basic, serial_shops, shop, nicolae_dithmenos_shadow_blocks,
          uniq_natasha, uniq_grinder
D:5:      layout_loops_corners, minmay_temple_entry_junction_2,
          makhleb_blood_cavern_becter
D:6:      layout_cave_pools, gammafunk_ghost_mausoleum
D:7:      layout_cave_pools, corexii_hall_statues_x, grunt_ministairs_8,
          uniq_harold, uniq_pikel
D:8:      layout_basic, nicolae_gozag_seed_capital, serial_co_window_serial,
          co_window_corner_a, co_window_paths_a, co_window_paths_a,
          co_window_of_opportunity_a, co_window_corner_a,
          co_window_of_opportunity_a, co_window_paths_a, co_window_broadway_b,
          co_window_of_opportunity_b, co_window_unsneaky_path_b,
          co_window_broadway_c, glass_columns_a, glass_columns_c,
          glass_columns_b
D:9:      layout_roguey, nicolae_qazlal_eye_of_the_storm, cheibriados_altar_1,
          david_lair_shrubbed, serial_shops, nicolae_shop_trees
D:10:     layout_roguey, serial_shops, shop
D:11:     layout_irregular_city, erik_orc_2, nicolae_sextant
Temple:   minmay_temple_bridge_d
Lair:1:   beast_lair_carwin_large_1, layout_chaotic_city, wad_woods_river_01
Lair:2:   layout_cave_shapes, elwin_shoals_entry_stream, dummy_snake_entry,
          beast_lair_carwin_9, serial_bayou_shore_b, grunt_megastairs_3,
          uniq_nergalle, uniq_sonja, uniq_erica
Lair:3:   cheibrodos_magma_flow, layout_chaotic_city, small_statue_intersection,
          kennysheep_basilisk_garden
Lair:4:   layout_cave_pods

Skill      XL: |  1  2  3  4  5  6  7  8  9 10 11 12 13 |
---------------+----------------------------------------+-----
Throwing       | 3 4 |  4.0
Fighting       | 3 4 6 8 |  8.7
Short Blades   | 3 |  3.9
Slings         | 3 5 6 |  6.1
Dodging        | 2 7 |  7.9
Invocations    | 3 |  3.2
Evocations     | 7 9 |  9.2
Axes           | 5 10 | 10.1
Stealth        | 8 12 | 12.6
Necromancy     | 4 7 |  7.4

Action                   |  1- 3 |  4- 6 |  7- 9 | 10-12 | 13-15 || total
-------------------------+-------+-------+-------+-------+-------++-------
Melee: Dagger            |    53 |    52 |       |       |       ||   105
       Constrict         |    18 |    18 |       |     3 |       ||    39
       Tentacles         |     7 |    16 |       |    11 |       ||    34
       War axe           |       |       |       |    17 |       ||    17
       Hunting sling     |       |       |       |     3 |       ||     3
 Fire: Hunting sling     |       |    49 |   289 |   604 |   330 ||  1272
Throw: Dart              |    59 |    35 |       |     1 |       ||    95
       Stone             |     8 |    45 |       |       |       ||    53
Invok: Heroism           |       |       |     2 |    51 |    22 ||    75
Evoke: Wand              |       |       |     9 |    44 |     5 ||    58
       Condenser vane    |       |       |       |     2 |     1 ||     3
  Use: Scroll            |     1 |     9 |    11 |     8 |       ||    29
       Potion            |       |       |     3 |     4 |       ||     7
 Stab: Sleeping          |     2 |     1 |       |       |       ||     3
Armor: Skin              |     3 |     2 |    21 |     6 |     3 ||    35
Dodge: Dodged            |    34 |    35 |   101 |   186 |    83 ||   439

Table legend: (Time is in decaauts)
 A = Elapsed time spent in this place.
 B = Non-inter-level travel time spent in this place.
 C = Inter-level travel time spent in this place.
 D = Time resting spent in this place.
 E = Time spent auto-exploring this place.
 F = Levels seen in this place.
 G = Mean time per level.
                   A        B        C        D        E       F      G
               +--------+--------+--------+--------+--------+-----+--------+
         Total |  24806 |  24114 |    692 |   9730 |  10901 |  17 | 1459.2 |
       Dungeon |  15089 |  14799 |    290 |   5502 |   6922 |  11 | 1371.7 |
        Temple |    393 |    244 |    149 |      0 |    223 |   1 |  393.0 |
          Lair |   9116 |   8863 |    253 |   4228 |   3616 |   4 | 2279.0 |
         Sewer |    207 |    207 |      0 |      0 |    140 |   1 |  207.0 |
               +--------+--------+--------+--------+--------+-----+--------+

Top non-repeatable levels by time:
  Lair:3: 3625 daAuts
     D:5: 2591 daAuts
  Lair:1: 2484 daAuts
  Lair:2: 2045 daAuts
     D:9: 1708 daAuts
     D:7: 1547 daAuts
    D:10: 1440 daAuts
     D:3: 1333 daAuts
     D:8: 1302 daAuts
     D:1: 1285 daAuts
     D:2: 1252 daAuts
    D:11: 1185 daAuts
  Lair:4: 961 daAuts
     D:4: 920 daAuts
     D:6: 522 daAuts
